 Dungeon Crawl Stone Soup version 0.28.0-47-ge53b351184 (webtiles) character file.

Game seed: 6264429358014583455

261 issech the Cudgeller (level 5, -16/53 HPs)
             Began as a Troll Monk on Apr 26, 2022.
             Killed from afar by an oklob sapling (18 damage)
             ... with a splash of acid
             ... on level 4 of the Dungeon.
             The game lasted 00:07:57 (2612 turns).

issech the Cudgeller (Troll Monk)                   Turns: 2612, Time: 00:07:57

Health: -16/53     AC:  0    Str: 19    XL:     5   Next: 96%
Magic:  4/4        EV: 11    Int:  6    God:
Gold:   104        SH:  0    Dex: 14    Spells: 4/4 levels left

rFire   . . .      SeeInvis .   i - +2 mace (vorpal)
rCold   . . .      Faith    .   (no shield)
rNeg    . . .      Spirit   .   b - +0 robe
rPois   .          Reflect  .   (helmet restricted)
rElec   .          Harm     .   (no cloak)
rCorr   .          Rampage  .   (gloves unavailable)
Will    .....                   (boots unavailable)
Stlth   ++........              e - amulet of magic regeneration
HPRegen 0.97/turn               (no ring)
MPRegen 0.49/turn               (no ring)

@: corroded
A: large, unfitting armour, claws 3, regeneration 1, shaggy fur 1, tough skin 1
a: no special abilities


You were on level 4 of the Dungeon.
You visited 1 branch of the dungeon, and saw 4 of its levels.

You collected 104 gold pieces.

Inventory:

Hand Weapons
 a - a +0 mace
 f - a +1 dagger of venom
 i - a +2 vorpal mace (weapon)
 l - a +0 dagger of pain
Missiles
 c - 76 stones (quivered)
 j - 35 sling bullets
 k - 44 arrows
 o - 5 poisoned darts
Armour
 b - a +0 robe (worn)
Jewellery
 e - an amulet of magic regeneration (around neck)
 r - an amulet of guardian spirit
Scrolls
 d - 2 scrolls of noise {unknown}
 g - a scroll of vulnerability {unknown}
 m - a scroll of acquirement {unknown}
 n - a scroll of teleportation {unknown}
 q - 3 scrolls of identify {unknown}
Potions
 h - 3 potions of heal wounds {unknown}
 p - a potion of attraction {unknown}
 s - a potion of curing {unknown}
 t - a potion of haste {unknown}


   Skills:
 + Level 3.1 Fighting
 + Level 4.6 Maces & Flails
 + Level 0.2 Throwing
 + Level 3.3 Dodging
 + Level 1.6 Stealth


You had 4 spell levels left.
You didn't know any spells.
Your spell library contained the following spells:

 Spells                   Type           Power      Damage    Failure   Level
 Blink                    Tloc           0%         N/A       58%         2
 Lesser Beckoning         Tloc           0%         N/A       83%         3
 Manifold Assault         Tloc           0%         N/A       100%        5


Dungeon Overview and Level Annotations

Branches:
Dungeon (4/15)             Temple (0/1) D:4

Altars:

Annotations:
D:4 exclusion: oklob sapling


Innate Abilities, Weirdness & Mutations

You are too large for most types of armour.
You have claws for hands.
Your natural rate of healing is unusually fast.
You are covered in fur. (AC +1)
You have tough skin. (AC +1)


Message History

You hit the plant.
The plant begins to die.
The plant is lightly damaged.
You sock the plant!
The plant is lightly damaged.
You thump the plant!
The plant is lightly damaged.
You sock the plant!
The plant is moderately damaged.
A nearby plant withers and dies.
You hit the oklob sapling but do no damage.
You hit the oklob sapling but do no damage.
You sock the oklob sapling!
The oklob sapling is heavily damaged.
You hit the oklob sapling but do no damage.
The oklob sapling is heavily damaged.
You hit the oklob sapling but do no damage.
The oklob sapling is heavily damaged.
The oklob sapling spits acid at you. The splash of acid hits you!!
Ouch! That really hurt!
You thump the oklob sapling!
The oklob sapling is almost destroyed.
The oklob sapling spits acid at you. The splash of acid misses you.
The splash of acid hits the plant!
The acid corrodes the plant!
The plant begins to die.
You hit the oklob sapling but do no damage.
The oklob sapling is almost destroyed.
A bullfrog skeleton comes into view.
You hit the oklob sapling but do no damage.
The oklob sapling is almost destroyed.
You hit the oklob sapling but do no damage.
The oklob sapling is almost destroyed.
The oklob sapling spits acid at you. The splash of acid hits you!!
Ouch! That really hurt!
* * * LOW HITPOINT WARNING * * *
The acid corrodes you! The oklob sapling spits acid at you.
The splash of acid hits you!!
You die...

#....# # #.##.##
#....######...##.##
#............##..##
#....#.....#.......
#....†.########.##.
#....†..#######)# . #.
####.##..##.....##.
###.###...##............
....Z.P@PP...###.....###
...#....P.P..###.)...#
.$...P..P..P###....#.#
...#....>...##..#..#.#
.......P....##.##.....
...#...........##.#...#
...#..P..P.P####..###.#
.. #........# ... ...
......#### #.# ..


You could see an oklob sapling and a bullfrog skeleton.

Vanquished Creatures
  A centaur (D:3)
  A centaur skeleton (D:2)
  An orc wizard (D:3)
  A hound skeleton (D:4)
  2 howler monkey skeletons (D:4)
  An adder (D:3)
  2 worms
  2 dart slugs (D:2)
  3 orcs (D:3)
  A bat (D:1)
  12 endoplasms
  A giant cockroach (D:4)
  7 goblins
  5 hobgoblins
  4 jackals
  2 quokkas
  7 ball pythons
  2 frilled lizards
  10 kobolds
  5 rats
70 creatures vanquished.

Vanquished Creatures (others)
  15 plants (D:4)
15 creatures vanquished.

Grand Total: 85 creatures vanquished

Notes
Turn   | Place    | Note
-------+----------+-------------------------------------------
     0 | D:1      | issech the Troll Monk began the quest for the Orb.
     0 | D:1      | Reached XP level 1. HP: 22/22 MP: 0/0
   129 | D:1      | Reached skill level 3 in Maces & Flails
   152 | D:1      | Reached XP level 2. HP: 29/29 MP: 1/1
   484 | D:1      | Found a faded altar of an unknown god.
   776 | D:2      | Reached XP level 3. HP: 36/36 MP: 2/2
   900 | D:2      | Reached XP level 4. HP: 42/44 MP: 3/3
  1680 | D:3      | Reached skill level 4 in Maces & Flails
  1775 | D:3      | Noticed a centaur
  1785 | D:3      | Killed a centaur
  1786 | D:3      | Reached XP level 5. HP: 16/53 MP: 4/4
  2555 | D:4      | Found a staircase to the Ecumenical Temple.
  2611 | D:4      | HP: 1/53 [oklob sapling/splash of acid (30)]
  2612 | D:4      | Killed from afar by an oklob sapling

Illustrated notes

Levels and vault maps discovered:
D:1:      lightli_arrival_maybe_door_vault, layout_basic,
          ebering_ecumenical_altar_rust
D:2:      layout_loops_cross, chequers_serial_rivers_room_b
D:3:      layout_loops_ring, nicolae_concentric_dashed_squares_wild,
          patterned_corridor
D:4:      layout_rooms, gammafunk_temple_overflow_statue,
          minmay_temple_entry_oklob, minmay_misc_feat_ornament,
          interstate_on_off

Skill      XL: |  1  2  3  4 |
---------------+-------------+-----
Maces & Flails | 3 4 |  4.6
Dodging        | 3 |  3.3
Fighting       | 3 |  3.1
Throwing       | |  0.2
Stealth        | |  1.6

Action                   |  1- 3 |  4- 6 || total
-------------------------+-------+-------++-------
Melee: Mace              |    74 |   115 ||   189
       Punch             |       |     1 ||     1
Throw: Stone             |     3 |     4 ||     7
 Stab: Sleeping          |     3 |     3 ||     6
Armor: Robe              |    44 |    27 ||    71
Dodge: Dodged            |    40 |    70 ||   110
